 Dungeon Crawl Stone Soup version 0.23.1 (webtiles) character file.

Game seed: 5026310048471431889

2143 LostNumber the Agent of Entropy (level 9, -1/71 (72) HPs)
             Began as a Demonspawn Abyssal Knight on Mar 10, 2019.
             Was a Priest of Lugonu.
             Killed by divine providence
             ... invoked by an orc priest
              (7 damage)
             ... on level 8 of the Dungeon.
             The game lasted 00:08:07 (7614 turns).

LostNumber the Agent of Entropy (DsAK)              Turns: 7614, Time: 00:08:07

HP:   -1/71 (72)    AC:  9    Str: 12    XL:     9   Next: 9%
MP:   15/15         EV: 10    Int: 14    God:    Lugonu [***...]
Gold: 431           SH:  0    Dex: 13    Spells: 8/8 levels left

rFire    . . .     SeeInvis +   A - +8 flail of Men Heoqeum {freeze, rElec Str-3 SInv}
rCold    + + .     Gourm    .   (no shield)
rNeg     . . .     Faith    .   w - +1 ring mail
rPois    .         Spirit   .   (helmet restricted)
rElec    +         Reflect  .   (no cloak)
rCorr    .         Harm     .   z - +0 pair of gloves
MR       .....                  (no boots)
Stlth    +.........             (no amulet)
HPRegen  0.21/turn              o - ring of protection from cold
MPRegen  0.14/turn              u - ring of protection from cold

@: slowed, studying Polearms, very slow
A: antennae 1, molten scales 1, demonic guardian 1, spiny 2
a: Depart the Abyss, Bend Space, Banish, Renounce Religion


You were on level 8 of the Dungeon.
You worshipped Lugonu.
Lugonu was most pleased with you.
You were not hungry.

You visited 1 branch of the dungeon, and saw 8 of its levels.
You visited the Abyss 1 time.

You collected 431 gold pieces.

Inventory:

Hand Weapons
 a - a +1 hand axe
 r - a +1 flail of crushing
   (You took it off an orc on level 4 of the Dungeon)
 A - the +8 flail of Men Heoqeum (weapon) {freeze, rElec Str-3 SInv}
   (You found it on level 7 of the Dungeon)

   It has been specially enchanted to freeze those struck by it, causing extra
   injury to most foes and up to half again as much damage against particularly
   susceptible opponents.
   It can also slow down cold-blooded creatures.
   It affects your strength (-3).
   It insulates you from electricity.
   It lets you see invisible.
 H - a +0 broad axe
   (You found it on level 7 of the Dungeon)
Armour
 b - a +0 leather armour
 w - a +1 ring mail (worn)
   (You found it on level 5 of the Dungeon)
 z - a +0 pair of gloves (worn)
   (You found it on level 5 of the Dungeon)
Jewellery
 o - a ring of protection from cold (left hand)
   (You found it on level 3 of the Dungeon)
 u - a ring of protection from cold (right hand)
   (You found it on level 4 of the Dungeon)
 y - an uncursed ring of fire
   (You found it on level 5 of the Dungeon)
 F - an uncursed ring of magical power {unknown}
   (You found it on level 6 of the Dungeon)
 G - a +4 amulet of reflection {unknown}
   (You found it on level 6 of the Dungeon)
Wands
 c - a wand of disintegration (17)
   (You found it on level 5 of the Dungeon)
 n - a wand of scattershot (5)
   (You found it on level 8 of the Dungeon)
 t - a wand of flame (14)
   (You found it on level 6 of the Dungeon)
Scrolls
 d - 2 scrolls of enchant weapon {unknown}
 i - 2 scrolls of teleportation {unknown}
 l - 2 scrolls of magic mapping {unknown}
 p - 7 scrolls of remove curse {@r2}
Potions
 g - a potion of curing {unknown}
 h - 2 potions of cancellation
 j - 4 potions of degeneration {!q}
 k - 2 potions of berserk rage
 m - 2 potions of lignification {!q}
 q - 2 potions of flight
 s - a potion of invisibility {unknown}
 v - 2 potions of haste {@q3}
 x - 2 potions of agility
 B - a potion of heal wounds {unknown}
 D - a potion of resistance {unknown}
Books
 E - a manual of Polearms {!d}
   (You found it on level 6 of the Dungeon)
Comestibles
 e - 16 rations {!d}


   Skills:
 + Level 7.1 Fighting
 + Level 7.4 Axes
 - Level 1.7 Armour
 - Level 0.8 Dodging
 + Level 8.7 Invocations


You had 8 spell levels left.
You didn't know any spells.
Your spell library contained the following spells:

 Spells                   Type           Power        Failure   Level  Hunger
 Animate Skeleton         Necr           N/A          54%         1    ##.....
 Apportation              Tloc           #.....       54%         1    ##.....
 Confusing Touch          Hex            #.....       54%         1    ##.....
 Summon Small Mammal      Summ           #...         54%         1    ##.....


Dungeon Overview and Level Annotations

Branches:
Dungeon (8/15)             Temple (0/1) D:7            Lair (0/6) D:8

Altars:
Elyvilon
Qazlal

Annotations:
D:3 3 runed translucent doors, aduken's ghost, weakling VSWn


Innate Abilities, Weirdness & Mutations

You have a pair of small antennae on your head.
You are partially covered in molten scales. (AC +2)
A weak demonic guardian rushes to your aid.
You are mostly covered in sharp spines.


Message History

The centaur barely misses you. The centaur is struck by your spines.
The centaur barely misses you.
Things that are here:
a +0 flail; a +0 ring mail Unknown command.
You hit the centaur. You freeze the centaur.
The centaur hits you but does no damage.
The centaur is struck by your spines.
You kill the centaur!
Lugonu accepts your kill. The iguana closely misses you.
Unknown command.
You hit the iguana. You freeze the iguana.
The orc priest miscasts a cantrip.
The iguana bites you.
* * * LOW HITPOINT WARNING * * *
You closely miss the iguana.
Your shadow imp disappears in a puff of smoke!
The iguana is struck by your spines. The iguana barely misses you.
The orc priest mumbles some strange prayers to Beogh against you.
Beogh smites you!
* * * LOW HITPOINT WARNING * * *
The iguana is struck by your spines. The iguana bites you.
* * * LOW HITPOINT WARNING * * *
You completely miss the iguana.
The orc priest casts a cantrip, but nothing happens.
The iguana is struck by your spines.
You kill the iguana!
Lugonu accepts your kill.
You hit the orc priest. You freeze the orc priest.
The orc priest hits you but does no damage.
The orc priest hits you with a +2 dagger of protection.
* * * LOW HITPOINT WARNING * * *
You closely miss the orc priest.
The orc priest hits you but does no damage.
You sock the orc priest! You freeze the orc priest.
The orc priest hits you but does no damage.
The orc priest closely misses you.
Unknown command.
You hit the orc priest. You freeze the orc priest.
The orc priest invokes the aid of Beogh against you.
You struggle to resist.
The orc priest invokes the aid of Beogh against you.
Beogh smites you!
* * * LOW HITPOINT WARNING * * *
All of the chunks of flesh in your inventory have rotted away.
Your ring mail prevents you from hitting the orc priest.
The orc priest calls down the wrath of Beogh upon you.
Beogh smites you!
You die...

.... .... ###
..... # #.# .....
### ..# ......
..#### #.# #......
##...### #.#
##ooo.)..
###...####.####@#{
####<..#..##55#
###...##.).#
###......#
###....## #.....#
##.....# #......#
#......#


You could see an orc priest, 2 orcs, a friendly iron imp and a friendly quasit.

Vanquished Creatures
  An orc warrior (D:7)
  A phantom (D:7)
  A necrophage (D:5)
  2 ogres
  A centaur (D:8)
  3 bullfrogs
  A water moccasin skeleton (D:8)
  5 killer bees (D:7)
  A howler monkey (D:6)
  A bullfrog zombie (D:6)
  A centaur zombie (D:7)
  2 hounds
  2 orc priests
  A jelly (D:6)
  9 orc wizards
  2 centaur skeletons
  2 iguanas (D:8)
  4 worker ants
  14 adders
  A shadow imp (D:8)
  An ooze (D:7)
  2 adder zombies
  An adder skeleton (D:4)
  A worm (D:4)
  2 dart slugs
  3 leopard geckos
  20 orcs
  3 ball pythons
  2 bats
  8 giant cockroaches
  5 goblins
  9 hobgoblins
  10 jackals
  6 kobolds
  3 quokkas
  6 frilled lizards
  6 rats
143 creatures vanquished.

Vanquished Creatures (collateral kills)
  An ice beast (D:7)
  A phantom (D:4)
  Blork the orc (D:6)
  An orc priest (D:7)
  An orc (D:4)
5 creatures vanquished.

Vanquished Creatures (others)
  An orc (D:3)
1 creature vanquished.

Grand Total: 149 creatures vanquished

Notes
Turn   | Place    | Note
-------+----------+-------------------------------------------
     0 | Abyss:1  | LostNumber the Demonspawn Abyssal Knight began the quest
                  | for the Orb.
     0 | Abyss:1  | Reached XP level 1. HP: 18/18 MP: 2/2
    41 | Abyss:1  | Noticed a worldbinder
    42 | D:1      | Escaped the Abyss
   171 | D:1      | Gained mutation: You are partially covered in sharp spines.
                  | [demonic ancestry]
   171 | D:1      | Reached XP level 2. HP: 17/24 MP: 4/4
   975 | D:2      | Reached skill level 3 in Invocations
  1045 | D:2      | Reached * piety under Lugonu
  1054 | D:2      | Gained mutation: A weak demonic guardian rushes to your
                  | aid. [demonic ancestry]
  1054 | D:2      | Reached XP level 3. HP: 28/29 MP: 5/5
  1711 | D:2      | Reached XP level 4. HP: 24/36 MP: 6/6
  1882 | D:3      | Found a runed translucent gate.
  1883 | D:3      | Found a runed translucent gate.
  1883 | D:3      | Found a runed translucent gate.
  1885 | D:3      | Noticed aduken's ghost (weakling VSWn)
  2181 | D:3      | Reached skill level 4 in Invocations
  2181 | D:3      | Gained mutation: You have a pair of small antennae on your
                  | head. [demonic ancestry]
  2181 | D:3      | Reached XP level 5. HP: 12/42 MP: 6/8
  2891 | D:4      | Reached XP level 6. HP: 31/48 MP: 9/9
  2895 | D:3      | Reached ** piety under Lugonu
  3184 | D:4      | Reached skill level 5 in Invocations
  3877 | D:4      | Found a white marble altar of Elyvilon.
  3899 | D:4      | Reached skill level 5 in Axes
  4006 | D:4      | Reached XP level 7. HP: 48/55 MP: 10/10
  4265 | D:5      | Entered Level 5 of the Dungeon
  4891 | D:5      | Reached skill level 5 in Fighting
  5076 | D:6      | Noticed Blork the orc
  5090 | D:6      | Killed Blork the orc
  5259 | D:6      | Reached skill level 6 in Invocations
  6063 | D:7      | Gained mutation: You are partially covered in molten
                  | scales. (AC +2) [demonic ancestry]
  6063 | D:7      | Reached XP level 8. HP: 58/62 MP: 12/12
  6138 | D:7      | Reached *** piety under Lugonu
  6143 | D:7      | Reached skill level 7 in Invocations
  6485 | D:7      | Got a twisted flail
  6486 | D:7      | Identified the +8 flail of Men Heoqeum {freeze, rElec Str-3
                  | SInv} (You found it on level 7 of the Dungeon)
  6967 | D:7      | Reached skill level 8 in Invocations
  7285 | D:7      | Found a staircase to the Ecumenical Temple.
  7424 | D:8      | Gained mutation: You are mostly covered in sharp spines.
                  | [demonic ancestry]
  7424 | D:8      | Reached XP level 9. HP: 60/70 MP: 15/15
  7443 | D:8      | Found a stormy altar of Qazlal.
  7532 | D:8      | Found a staircase to the Lair.
  7614 | D:8      | Killed from afar by an orc priest

Skill      XL: |  1  2  3  4  5  6  7  8  9 |
---------------+----------------------------+-----
Axes           | 2 3 4 5 6 7 |  7.4
Invocations    | 3 4 5 6 8 |  8.7
Fighting       | 4 5 6 7 |  7.1
Armour         | |  1.7
Dodging        | |  0.8

Action                   |  1- 3 |  4- 6 |  7- 9 || total
-------------------------+-------+-------+-------++-------
Melee: Hand axe          |    90 |   123 |   113 ||   326
       Flail             |       |       |    63 ||    63
Invok: Depart the Abyss  |     1 |       |       ||     1
  Use: Scroll            |       |       |    14 ||    14
 Stab: Sleeping          |     1 |     1 |       ||     2
       Distracted        |       |     1 |     1 ||     2
  Eat: Chunk             |     2 |     8 |    11 ||    21
Armor: Leather armour    |    24 |    19 |     2 ||    45
       Ring mail         |       |       |    53 ||    53
Dodge: Dodged            |    56 |    75 |   102 ||   233
